BSA
NEW YORK KNIGHTS @ BEECH MOUNTAIN MOUNTAINEERS
03/20/2027
 
TOP OF THE 1ST
New York Knights batting - Pitching for Hendersonville Hitmen : RHP Jesse Green
Pitching: RHP Jesse Green
Batting: LHB Warren Potter 0-0: Ball
1-0: Called Strike
1-1: Ball
2-1: Ball
3-1: Swinging Strike
3-2: Base on Balls
Batting: RHB Pepe Carrasco 0-0: Ball
1-0: Fly out, F8 (Flyball, 8RXD)
Batting: LHB Troy Donaldson 0-0: Called Strike
0-1: Ball
1-1: Ball
2-1: Foul Ball, location: 2F
2-2: Strikes out swinging
Batting: SHB Marvin Harris 0-0: Ball
1-0: Fly out, F8 (Flyball, 89XD)
Top of the 1st over - 0 run(s), 0 hit(s), 0 error(s), 1 left on base; New York 0 - Hendersonville 0
BOTTOM OF THE 1ST
Hendersonville Hitmen batting - Pitching for New York Knights : LHP Vic Watts
Pitching: LHP Vic Watts
Batting: SHB José Estreito 0-0: Ball
1-0: Ball
2-0: Ball
3-0: Called Strike
3-1: Foul Ball, location: 2F
3-2: Base on Balls
Batting: RHB Bill Mark 0-0: Ball
1-0: Ball
2-0: Ball
José Estreito steals 2nd base
3-0: Called Strike
3-1: Base on Balls
Batting: RHB José Aguilera 0-0: Foul Ball, location: 2F
0-1: Ball
1-1: Ball
2-1: Foul Ball, location: 2F
2-2: Lines into TRIPLE play, 1-6-3 (Line Drive, 13)
Bottom of the 1st over - 0 run(s), 0 hit(s), 0 error(s), 0 left on base; New York 0 - Hendersonville 0
TOP OF THE 2ND
New York Knights batting - Pitching for Hendersonville Hitmen : RHP Jesse Green
Batting: LHB Nicholas Alston 0-0: Called Strike
0-1: Called Strike
0-2: Strikes out swinging, 2-3 out at first.
Batting: RHB Lonnie Anderson 0-0: Ball
1-0: Ball
2-0: Called Strike
2-1: Foul Ball, location: 2F
2-2: Strikes out swinging
Batting: RHB Xavier Feliciano 0-0: Called Strike
0-1: Fly out, F8 (Flyball, 8LM)
Top of the 2nd over - 0 run(s), 0 hit(s), 0 error(s), 0 left on base; New York 0 - Hendersonville 0
BOTTOM OF THE 2ND
Hendersonville Hitmen batting - Pitching for New York Knights : LHP Vic Watts
Batting: RHB Robert Buckley 0-0: Called Strike
0-1: Ball
1-1: Called Strike
1-2: Strikes out swinging
Batting: SHB Tony López 0-0: Ball
1-0: SINGLE (Groundball, 56D)
Batting: RHB Felipe Rivera 0-0: Ball
1-0: Ball
2-0: Ball
3-0: Called Strike
3-1: 2-RUN HOME RUN (Flyball, 7D), Distance : 396 ft
Batting: RHB Jared Thompson 0-0: Called Strike
0-1: Ball
1-1: SINGLE (Line Drive, 8LS)
Batting: RHB Sugita Ito 0-0: Foul Ball, location: 2F
0-1: Ball
Wild Pitch!
Jared Thompson to second
1-1: Ball
2-1: Fly out, F9 (Flyball, 9D)
Runner from 2nd tags up, SAFE at 3rd, no throw
Batting: RHB Robert Bly 0-0: Called Strike
0-1: SINGLE (Line Drive, 56D)
Jared Thompson scores
Batting: SHB José Estreito 0-0: Called Strike
0-1: Foul Ball, location: 2F
0-2: Strikes out swinging
Bottom of the 2nd over - 3 run(s), 4 hit(s), 0 error(s), 1 left on base; New York 0 - Hendersonville 3
TOP OF THE 3RD
New York Knights batting - Pitching for Hendersonville Hitmen : RHP Jesse Green
Batting: RHB Júlio Trinidad 0-0: Swinging Strike
0-1: Fly out, F8 (Flyball, 8LD)
Batting: LHB Marcos Pérez 0-0: Called Strike
0-1: Ball
1-1: Swinging Strike
1-2: Foul Ball, location: 2F
1-2: Foul Ball, location: 2F
1-2: Strikes out swinging
Batting: LHB Warren Potter 0-0: Ball
1-0: Ball
2-0: Ball
3-0: Base on Balls
Batting: RHB Pepe Carrasco 0-0: SINGLE (Flyball, 8RS)
Warren Potter to second
Batting: LHB Troy Donaldson 0-0: Ball
1-0: Ball
2-0: Ball
3-0: Fielders Choice at 2nd, 6-4 (Groundball, 6)
Top of the 3rd over - 0 run(s), 1 hit(s), 0 error(s), 1 left on base; New York 0 - Hendersonville 3
BOTTOM OF THE 3RD
Hendersonville Hitmen batting - Pitching for New York Knights : LHP Vic Watts
Batting: RHB Bill Mark 0-0: Ball
1-0: Ball
2-0: Ground out 4-3 (Groundball, 4S)
Batting: RHB José Aguilera 0-0: Called Strike
0-1: Called Strike
0-2: Ground out 6-3 (Groundball, 6)
Batting: RHB Robert Buckley 0-0: Foul Ball, location: 2F
0-1: Ground out 6-3 (Groundball, 6)
Bottom of the 3rd over - 0 run(s), 0 hit(s), 0 error(s), 0 left on base; New York 0 - Hendersonville 3
TOP OF THE 4TH
New York Knights batting - Pitching for Hendersonville Hitmen : RHP Jesse Green
Batting: SHB Marvin Harris 0-0: Called Strike
0-1: Ball
1-1: Ball
2-1: Foul Ball, location: 2F
2-2: Foul Ball, location: 2F
2-2: Ball
3-2: Fly out, F7 (Flyball, 7)
Batting: LHB Nicholas Alston 0-0: Ball
1-0: Ball
2-0: Called Strike
2-1: SINGLE (Groundball, 4M) (infield hit)
Batting: RHB Lonnie Anderson 0-0: Ball
1-0: Ground out 4-3 (Groundball, 34D)
Nicholas Alston to second
Batting: RHB Xavier Feliciano 0-0: Called Strike
0-1: DOUBLE (Line Drive, 9LM)
Nicholas Alston scores
Batting: RHB Júlio Trinidad 0-0: Called Strike
0-1: Ball
1-1: Ground out 4-3 (Groundball, 4)
Top of the 4th over - 1 run(s), 2 hit(s), 0 error(s), 1 left on base; New York 1 - Hendersonville 3
BOTTOM OF THE 4TH
Hendersonville Hitmen batting - Pitching for New York Knights : LHP Vic Watts
Batting: SHB Tony López 0-0: Ball
1-0: Swinging Strike
1-1: Ball
2-1: SINGLE (Groundball, 56D)
Batting: RHB Felipe Rivera 0-0: Ball
Throwing error on steal attempt, E2
Tony López to third
1-0: Foul Ball, location: 2F
1-1: Swinging Strike
1-2: Fly out, F2 (Popup, 2L)
Batting: RHB Jared Thompson 0-0: Ball
1-0: Called Strike
1-1: Swinging Strike
1-2: Strikes out swinging
Batting: RHB Sugita Ito 0-0: Called Strike
0-1: Ball
1-1: 2-RUN HOME RUN (Flyball, 8LXD), Distance : 433 ft
Batting: RHB Robert Bly 0-0: Fly out, F5 (Flyball, 56D)
Bottom of the 4th over - 2 run(s), 2 hit(s), 1 error(s), 0 left on base; New York 1 - Hendersonville 5
TOP OF THE 5TH
New York Knights batting - Pitching for Hendersonville Hitmen : RHP Jesse Green
Pitching: RHP Robinson Gonzáles
Batting: LHB Marcos Pérez 0-0: Ground out 6-3 (Groundball, 56)
Batting: LHB Warren Potter 0-0: Ball
1-0: Ball
2-0: Ball
3-0: Base on Balls
Batting: RHB Pepe Carrasco 0-0: Called Strike
0-1: Called Strike
0-2: Ball
1-2: Ball
2-2: Foul Ball, location: 2F
2-2: Fly out, F8 (Line Drive, 8RS)
Batting: LHB Troy Donaldson 0-0: Called Strike
0-1: Ball
1-1: Fielders Choice at 2nd, 4-6 (Groundball, 4)
Top of the 5th over - 0 run(s), 0 hit(s), 0 error(s), 0 left on base; New York 1 - Hendersonville 5
BOTTOM OF THE 5TH
Hendersonville Hitmen batting - Pitching for New York Knights : LHP Vic Watts
Pitching: RHP Steve Standard
Batting: SHB José Estreito 0-0: Ball
1-0: Foul Ball, location: 2F
1-1: Ball
2-1: Foul Ball, location: 2F
2-2: Ball
3-2: Strikes out swinging
Batting: RHB Bill Mark 0-0: Ball
1-0: Ball
2-0: SINGLE (Groundball, 6MD)
Batting: RHB José Aguilera 0-0: Foul Ball, location: 2F
0-1: Ball
1-1: Ball
2-1: Ball
3-1: SINGLE (Line Drive, 56)
Bill Mark to second
Batting: RHB Robert Buckley 0-0: Fly out, F3 (Line Drive, 3S)
Batting: SHB Tony López 0-0: Called Strike
0-1: Called Strike
0-2: Ball
1-2: Ball
2-2: Ground out U3 (Groundball, 3)
Bottom of the 5th over - 0 run(s), 2 hit(s), 0 error(s), 2 left on base; New York 1 - Hendersonville 5
TOP OF THE 6TH
New York Knights batting - Pitching for Hendersonville Hitmen : RHP Robinson Gonzáles
Batting: SHB Marvin Harris 0-0: Ground out U3 (Groundball, 3L)
Batting: LHB Nicholas Alston 0-0: Called Strike
0-1: Ball
1-1: Fly out, F8 (Flyball, 8LD)
Batting: RHB Lonnie Anderson 0-0: SINGLE (Flyball, 8RS)
Batting: RHB Xavier Feliciano 0-0: Called Strike
0-1: Swinging Strike
0-2: Strikes out swinging
Top of the 6th over - 0 run(s), 1 hit(s), 0 error(s), 1 left on base; New York 1 - Hendersonville 5
BOTTOM OF THE 6TH
Hendersonville Hitmen batting - Pitching for New York Knights : RHP Steve Standard
Batting: RHB Felipe Rivera 0-0: Ball
1-0: SOLO HOME RUN (Flyball, 9LD), Distance : 359 ft
Batting: RHB Jared Thompson 0-0: Fly out, F3 (Line Drive, 34)
Batting: RHB Sugita Ito 0-0: Called Strike
0-1: Called Strike
0-2: Ball
1-2: Foul Ball, location: 2F
1-2: Strikes out looking
Batting: RHB Robert Bly 0-0: Called Strike
0-1: Ball
1-1: Foul Ball, location: 2F
1-2: Strikes out swinging
Bottom of the 6th over - 1 run(s), 1 hit(s), 0 error(s), 0 left on base; New York 1 - Hendersonville 6
TOP OF THE 7TH
New York Knights batting - Pitching for Hendersonville Hitmen : RHP Robinson Gonzáles
Pitching: RHP Eric Love
Batting: RHB Júlio Trinidad 0-0: Foul Ball, location: 2F
0-1: Ball
1-1: SINGLE (Line Drive, 4MD)
Batting: LHB Marcos Pérez 0-0: Ball
1-0: Ball
2-0: SINGLE (Line Drive, 56)
Júlio Trinidad to second
Pinch Hitting: LHB Pablo Rivas 0-0: Grounds into double play, 3-6-3 (Groundball, 3)
Júlio Trinidad to third
Pinch Hitting: LHB Germán Charfauros 0-0: Foul Ball, location: 2F
0-1: Swinging Strike
0-2: DOUBLE (Flyball, 7LM)
Júlio Trinidad scores
Pinch Hitting: LHB Arthur Hall 0-0: Ball
1-0: Ball
2-0: Called Strike
2-1: Called Strike
2-2: Ground out 5-3 (Groundball, 56S)
Top of the 7th over - 1 run(s), 3 hit(s), 0 error(s), 1 left on base; New York 2 - Hendersonville 6
BOTTOM OF THE 7TH
Hendersonville Hitmen batting - Pitching for New York Knights : RHP Steve Standard
Now at SS: Ernest Russell
Now in LF: Germán Charfauros
Now in RF: Pablo Rivas
Pinch Hitting: LHB Lorenzo Quintanilla 0-0: Called Strike
0-1: Ball
1-1: Ball
2-1: Fly out, F7 (Flyball, 78M)
Pinch Hitting: SHB David Johnstone 0-0: Fly out, F8 (Flyball, 8RD)
Pinch Hitting: SHB Rick Turner 0-0: Ball
1-0: Foul Ball, location: 2F
1-1: SOLO HOME RUN (Line Drive, 78XD), Distance : 417 ft
Pitching: RHP José Gómez
Pinch Hitting: LHB Leonard Young 0-0: Called Strike
0-1: Ball
1-1: Foul Ball, location: 2F
1-2: Ball
2-2: Ground out U3 (Groundball, 34S)
Bottom of the 7th over - 1 run(s), 1 hit(s), 0 error(s), 0 left on base; New York 2 - Hendersonville 7
TOP OF THE 8TH
New York Knights batting - Pitching for Hendersonville Hitmen : RHP Eric Love
Now at 1B: David Johnstone
Now at SS: Félix Montoya
Now in LF: Lorenzo Quintanilla
Now in RF: Tony Abete
Pinch Hitting: RHB Steve Sampson 0-0: Called Strike
0-1: Foul Ball, location: 2F
0-2: Ball
1-2: Ball
2-2: Ball
3-2: Ground out 5-3 (Groundball, 56S)
Batting: LHB Dan Hamilton 0-0: Called Strike
0-1: Ball
1-1: Ball
2-1: Foul Ball, location: 2F
2-2: Ball
3-2: Foul Ball, location: 2F
3-2: Strikes out swinging
Pinch Hitting: LHB Patrick Bright 0-0: Foul Ball, location: 2F
0-1: Foul Ball, location: 2F
0-2: Reached via error on a dropped throw, E1
Batting: RHB Xavier Feliciano 0-0: Ball
1-0: Foul Ball, location: 2F
1-1: Ball
2-1: Ball
3-1: Foul Ball, location: 2F
3-2: Fly out, F9 (Flyball, 9LS)
Top of the 8th over - 0 run(s), 0 hit(s), 1 error(s), 1 left on base; New York 2 - Hendersonville 7
BOTTOM OF THE 8TH
Hendersonville Hitmen batting - Pitching for New York Knights : RHP José Gómez
Now at 1B: Steve Sampson
Now at 2B: Dave Lee
Pinch Hitting: LHB Pedro Gonzáles 0-0: Ball
1-0: Fly out, F8 (Flyball, 8LM)
Batting: LHB David Monahan 0-0: Called Strike
0-1: Ball
1-1: Ball
2-1: Foul Ball, location: 2F
2-2: SINGLE (Flyball, 89S)
Pinch Hitting: RHB Ron Glass 0-0: SINGLE (Groundball, 5D)
David Monahan to second
Batting: RHB Sugita Ito 0-0: Ball
1-0: Reached on error, E1 (Groundball, P)
David Monahan to third
Ron Glass to second
Batting: RHB Robert Bly 0-0: Called Strike
0-1: Fly out, F5 (Popup, 5L)
Batting: LHB Lorenzo Quintanilla 0-0: Ball
1-0: Ball
2-0: Fly out, F2 (Popup, 3S)
Bottom of the 8th over - 0 run(s), 2 hit(s), 1 error(s), 3 left on base; New York 2 - Hendersonville 7
TOP OF THE 9TH
New York Knights batting - Pitching for Hendersonville Hitmen : RHP Eric Love
Now at 2B: Jesús Cruz
Now in CF: Pedro Gonzáles
Pinch Hitting: LHB Keith Green 0-0: Ball
1-0: Foul Ball, location: 2F
1-1: Ball
2-1: Ball
3-1: Ground out 4-3 (Groundball, 34)
Pinch Hitting: RHB Yasuhiko Sumita 0-0: Called Strike
0-1: Fly out, F9 (Flyball, 9S)
Batting: LHB Pablo Rivas 0-0: Called Strike
0-1: Foul Ball, location: 2F
0-2: Ball
1-2: Foul Ball, location: 2F
1-2: Strikes out swinging
Top of the 9th over - 0 run(s), 0 hit(s), 0 error(s), 0 left on base; New York 2 - Hendersonville 7
Thursday, March 30th, 2017 - OOTP Baseball 17.12 Build 75